 Dungeon Crawl Stone Soup version 0.19.1 (webtiles) character file.

284 Gargoyl the Chopper (level 6, -10/79 HPs)
             Began as a Draconian Abyssal Knight on Nov 30, 2016.
             Was a Believer of Lugonu.
             Mangled by an orc warrior
             ... wielding a +0 battleaxe
              (11 damage)
             ... on level 4 of the Dungeon.
             The game lasted 00:07:13 (3563 turns).

Gargoyl the Chopper (Draconian Abyssal Knight)      Turns: 3563, Time: 00:07:14

Health: -10/79     AC: 23    Str: 15 (17) XL:     6   Next: 7%
Magic:  7/7        EV:  2    Int: 11 (12) God:    Lugonu [**....]
Gold:   241        SH:  0    Dex:  8 (10) Spells: 0 memorised, 5 levels left

rFire  . . .     SeeInvis .     c - +0 war axe
rCold  . . .     Gourm    .     (armour unavailable)
rNeg   + + +     Faith    .     q - +0 shield
rPois  +         Spirit   .     (helmet currently unavailable)
rElec  .         Reflect  .     (cloak currently unavailable)
rCorr  .         Harm     .     (gloves currently unavailable)
MR     .....     NoTele   +     (boots currently unavailable)
Stlth  ++........               (no amulet)
                                (no ring)
                                p - ring of stealth

@: confused, tree-form, very slightly contaminated, hasted, very quick
A: unfitting armour, blurry vision 2, (poison resistance), (cold-blooded), AC +6
a: Depart the Abyss, Bend Space, Renounce Religion


You were on level 4 of the Dungeon.
You worshipped Lugonu.
Lugonu was pleased with you.
You were near starving.
You were a tree.
You visited 1 branch of the dungeon, and saw 6 of its levels.
You visited the Abyss 1 time.

You collected 241 gold pieces.

Inventory:

Hand Weapons
 a - a +1 hand axe
 c - a +0 war axe (weapon)
Armour
 o - a +0 pair of gloves (melded)
 q - a +0 shield (worn)
 s - a +0 pair of boots (melded)
Jewellery
 p - a ring of stealth (left branch)
Wands
 w - a wand of digging (24/24)
Scrolls
 d - 4 scrolls of identify
 e - 2 scrolls of recharging
 i - 2 scrolls of remove curse
 j - a scroll of teleportation
 m - 3 scrolls of magic mapping {unknown}
 u - a scroll of vulnerability {unknown}
Potions
 g - a potion of resistance
 h - a potion of magic
 k - a potion of curing
 n - a potion of cancellation {unknown}
 t - a potion of might {unknown}
 v - a potion of beneficial mutation {unknown}
 z - a potion of degeneration
Comestibles
 b - 3 bread rations
 f - 4 fruits
 r - 2 meat rations
 x - a beef jerky


   Skills:
 + Level 4.5 Fighting
 + Level 4.8 Axes
 + Level 3.0 Dodging
 + Level 0.8 Stealth
 + Level 1.1 Shields
 + Level 2.0 Invocations


You had 5 spell levels left.
You didn't know any spells.

Dungeon Overview and Level Annotations

Branches:
Dungeon (6/15)
 Temple: D:4-7

Altars:
Hepliaklqana

Annotations:
D:5 Sigmund


Innate Abilities, Weirdness & Mutations

((Your plain brown scales are hard. (AC +6)))
You cannot fit into any form of body armour.
((You are cold-blooded and may be slowed by cold attacks.))
Scrolls take you longer to read.
((Your system is resistant to poisons. (rPois)))


Message History

You cannot move. (Use ctrl+direction to attack without moving.) Unknown command.
You cannot move. (Use ctrl+direction to attack without moving.)
Your shield prevents you from hitting the orc priest.
The orc priest is heavily wounded.
You miss something.
You hit the orc warrior but do no damage.
You barely miss the orc. Something hits you but does no damage.
The orc priest hits you but does no damage.
The orc warrior hits you with a battleaxe.
* * * LOW HITPOINT WARNING * * *
The orc hits you but does no damage.
You miss something. You closely miss the orc warrior. You hit the orc.
You kill the orc!
Lugonu accepts your kill.
You hit the orc priest. Something hits you but does no damage.
The orc priest invokes the aid of Beogh against you.
You barely resist.
The orc warrior hits you with a battleaxe!
You die...

# .# #{# # ###+###.#
#.# # #.......# #)# #
#.......# #[#
#######.......# #.#
..............# #.###
..............# #...#
..............###o..#
.......####....o♣o..#
.......# #.#####{..#
..###### #.# #...#
..# #.# #...# ### #[#
##### ... ... ...


You could see an orc warrior and 2 orc priests.

Vanquished Creatures
  A sky beast (D:5)
  A worker ant zombie (D:5)
  6 adders
  3 oozes
  An adder zombie (D:5)
  3 worms
  A leopard gecko (D:5)
  9 orcs
  8 bats
  16 giant cockroaches
  8 hobgoblins
  7 kobolds
  3 quokkas (D:2)
  2 ball pythons
  2 frilled lizards
  A giant cockroach zombie (D:6)
  9 goblins
  2 quokka skeletons (D:4)
  4 rats
87 creatures vanquished.

Vanquished Creatures (others)
  5 starspawn tentacles (Abyss:3)
5 creatures vanquished.

Grand Total: 92 creatures vanquished

Notes
Turn   | Place    | Note
-------+----------+-------------------------------------------
     0 | Abyss:1  | Gargoyl the Draconian Abyssal Knight began the quest for the Orb.
     0 | Abyss:1  | Reached XP level 1. HP: 19/19 MP: 2/2
    94 | Abyss:3  | Noticed a raiju
    95 | Abyss:3  | Noticed a raiju
   121 | Abyss:3  | Noticed a tentacled starspawn
   133 | Abyss:3  | Noticed a green death
   134 | Abyss:3  | Noticed a raiju
   145 | Abyss:3  | Noticed a large abomination
   149 | D:1      | Escaped the Abyss
   907 | D:1      | Reached XP level 2. HP: 25/26 MP: 3/3
  1315 | D:2      | Reached * piety under Lugonu
  1400 | D:2      | Reached XP level 3. HP: 20/33 MP: 4/4
  1715 | D:2      | Reached XP level 4. HP: 21/40 MP: 5/5
  2368 | D:3      | Reached ** piety under Lugonu
  2868 | D:3      | Reached XP level 5. HP: 42/46 MP: 6/6
  3027 | D:3      | You fall through a shaft for 3 floors!
  3068 | D:5      | Entered Level 5 of the Dungeon
  3156 | D:5      | Found a hazy altar of Hepliaklqana.
  3189 | D:5      | Noticed a sky beast
  3201 | D:5      | Killed a sky beast
  3201 | D:5      | Reached skill level 1 in Shields
  3221 | D:5      | Gained mutation: Your spells are a little easier to cast, but a little less powerful. [mutagenic meat]
  3222 | D:5      | Lost mutation: Your spells are a little easier to cast, but a little less powerful. [mutagenic meat]
  3223 | D:5      | Gained mutation: Scrolls take you a little longer to read. [mutagenic meat]
  3224 | D:5      | Gained mutation: Your system is resistant to poisons. (rPois) [mutagenic meat]
  3225 | D:5      | Gained mutation: Scrolls take you longer to read. [mutagenic meat]
  3339 | D:5      | Reached XP level 6. HP: 53/53 MP: 7/7
  3368 | D:5      | Noticed Sigmund
  3535 | D:4      | Noticed an orc warrior
  3562 | D:4      | HP: 1/79 [orc warrior/battleaxe (6)]
  3563 | D:4      | Mangled by an orc warrior

Skill      XL: |  1  2  3  4  5 |
---------------+----------------+-----
Fighting       | 4 |  4.5
Axes           | 3 4 |  4.8
Dodging        | 3 |  3.0
Shields        | 1 |  1.1
Stealth        | |  0.8
Invocations    | |  2.0

Action                   |  1- 3 |  4- 6 || total
-------------------------+-------+-------++-------
Melee: War axe           |   111 |   157 ||   268
       Tailslap          |    10 |    15 ||    25
Invok: Depart the Abyss  |     1 |       ||     1
  Use: Potion            |     1 |     6 ||     7
       Scroll            |       |     5 ||     5
 Stab: Sleeping          |       |     3 ||     3
  Eat: Chunk             |     3 |     9 ||    12
Armor: Skin              |    84 |   100 ||   184
Dodge: Dodged            |    92 |    87 ||   179
Block: Shield            |       |    68 ||    68
       Buckler           |       |     2 ||     2
